Map: Dead of Night

Players

Smileblind

  • Race: Protoss Protoss
  • League: Silver
  • Spawn Location: 0:00

jexun

  • Race: Protoss Protoss
  • Spawn Location: 0:00

VOD

Have the link to the VOD?

Description

Time

  • Played on: Feb. 9, 2019, 6:27 p.m.
  • Length: 23:15
Show
View Real Time Build Order
Export as new Build Order

Smileblind Protoss 

Build Orders:  

Get SALT Encoding   

  12  0:06  Probe (Chrono Boost)  
  13  0:20  Probe (Chrono Boost)  
  14  0:38  Pylon  
  14  0:47  Gateway  
  14  1:10  Probe (Chrono Boost)  
  14  1:12  Forge  
  15  1:24  Assimilator, Probe (Chrono Boost)  
  16  1:42  Probe (Chrono Boost)  
  16  1:46  Gateway  
  17  1:56  Probe (Chrono Boost)  
  18  2:06  Zealot  
  20  2:10  Probe (Chrono Boost)  
  21  2:25  Pylon  
  21  2:30  Zealot  
  23  2:43  Photon Cannon  
  23  2:50  Probe (Chrono Boost)  
  23  2:54  Zealot  
  26  3:04  Probe (Chrono Boost), Zealot  
  29  3:19  Cybernetics Core  
  29  3:21  Probe (Chrono Boost)  
  30  3:35  Probe (Chrono Boost)  
  31  3:56  Photon Cannon  
  31  4:05  Pylon  
  31  4:29  Probe (Chrono Boost)  
  31  4:35  Assimilator  
  31  4:38  Assimilator  
  32  4:42  Pylon  
  32  4:43  Probe (Chrono Boost)  
  32  4:45  Pylon  
  33  4:53  Dragoon  
  33  4:54  Dragoon  
  33  4:57  Probe (Chrono Boost)  
  33  4:59  Protoss Ground Weapons Level 1  
  38  5:13  Probe (Chrono Boost)  
  40  5:30  Probe (Chrono Boost)  
  40  5:32  Pylon  
  40  5:44  Twilight Council  
  40  5:47  Probe (Chrono Boost)  
  41  5:59  Stargate  
  41  6:03  Probe (Chrono Boost)  
  42  6:10  Dragoon  
  45  6:20  Probe (Chrono Boost)  
  45  6:21  Dragoon  
  47  6:32  Protoss Air Weapons Level 1  
  47  6:37  Probe (Chrono Boost)  
  48  6:41  Singularity Charge  
  48  6:54  Probe (Chrono Boost)  
  50  7:11  Probe (Chrono Boost)  
  50  7:13  Phoenix  
  50  7:15  Photon Cannon  
  52  7:29  Probe (Chrono Boost)  
  53  7:31  Charge  
  53  7:46  Probe (Chrono Boost)  
  53  7:48  Phoenix  
  56  8:03  Probe (Chrono Boost)  
  58  8:20  Probe (Chrono Boost)  
  58  8:23  Phoenix  
  58  8:37  Probe (Chrono Boost)  
  53  8:52  Zealot x2  
  53  8:53  Zealot x3  
  61  9:21  Trillic Compresion Mesh  
  61  9:31  Phoenix  
  63  9:45  Pylon  
  63  9:48  Pylon  
  63  9:52  Pylon  
  63  9:56  Pylon  
  57  10:06  Phoenix  
  51  10:27  Zealot x3  
  51  10:28  Zealot x3  
  59  10:39  Protoss Ground Weapons Level 2  
  59  10:47  Whirlwind  
  59  10:52  Gateway  
  59  10:54  Gateway  
  59  10:56  Gateway  
  59  10:58  Templar Archives, Phoenix  
  62  11:10  Probe (Chrono Boost)  
  62  11:32  Robotics Facility  
  62  11:33  Phoenix  
  64  11:54  Protoss Air Weapons Level 2  
  64  12:15  High Templar  
  66  12:36  High Templar  
  68  12:40  Archon  
  68  12:53  Psionic Storm  
  68  13:11  Dragoon x2  
  72  13:35  Zealot  
  72  13:36  Zealot  
  76  13:52  Dragoon  
  76  13:53  Dragoon x4  
  86  14:14  Photon Cannon  
  86  14:17  Photon Cannon  
  86  14:24  Zealot  
  86  14:25  Zealot x2  
  86  14:26  Zealot  
  94  14:34  Pylon  
  94  14:36  Pylon  
  92  14:43  Pylon  
  92  14:46  Pylon  
  92  14:47  High Templar  
  94  14:52  Pylon  
  94  15:01  High Templar  
  94  15:06  Archon  
  96  15:22  Photon Cannon  
  96  15:23  Photon Cannon  
  96  15:34  Robotics Facility  
  96  15:42  Robotics Bay  
  96  15:48  Pylon  
  96  15:50  Pylon  
  96  16:42  Immortal  
  100  17:37  Immortal  
  98  18:32  Immortal  
  94  19:26  Immortal  
  94  19:27  Immortal  
  102  19:46  Photon Cannon  
  102  19:48  Photon Cannon  
  102  20:01  High Templar  
  102  20:02  High Templar x2  
  102  20:05  Archon  
  102  20:08  Photon Cannon  
  108  20:12  Dragoon x2  
  108  20:13  Dragoon  
  114  20:21  Immortal  
  118  20:42  Dragoon x3  
  124  21:16  Reaver  
  130  21:30  Zealot x3  
  130  21:31  Zealot x4  
  130  21:32  Zealot x3  
  150  22:14  Pylon  
  150  22:17  Pylon  
  150  22:26  Pylon  
  150  22:33  Pylon  
  150  22:35  Pylon  
  162  23:02  Zealot x3  
  162  23:03  Zealot  
  162  23:04  Zealot x2  
Show
View Real Time Build Order
Export as new Build Order

jexun Protoss 

Build Orders:  

Get SALT Encoding   

  12  0:04  Probe (Chrono Boost)  
  13  0:18  Probe (Chrono Boost)  
  14  0:31  Probe (Chrono Boost)  
  15  0:48  Pylon  
  15  0:51  Pylon  
  15  0:57  Pylon  
  15  1:06  Assimilator  
  15  1:13  Probe (Chrono Boost)  
  16  1:27  Probe (Chrono Boost)  
  17  1:41  Assimilator, Probe (Chrono Boost)  
  17  1:45  Assimilator  
  18  1:55  Probe (Chrono Boost)  
  19  2:04  Gateway  
  19  2:06  Gateway  
  19  2:08  Probe (Chrono Boost)  
  20  2:18  Pylon  
  20  2:23  Pylon  
  20  2:28  Probe (Chrono Boost), Pylon  
  21  2:42  Probe (Chrono Boost)  
  22  2:56  Probe (Chrono Boost)  
  23  3:10  Probe (Chrono Boost)  
  24  3:22  Legionnaire  
  24  3:23  Legionnaire  
  24  3:24  Probe (Chrono Boost)  
  24  3:27  Kaldalis' A.I. Personality  
  31  3:38  Probe (Chrono Boost)  
  32  3:40  Cybernetics Core  
  32  3:53  Probe (Chrono Boost)  
  33  4:07  Legionnaire, Probe (Chrono Boost)  
  37  4:10  Legionnaire  
  40  4:21  Probe (Chrono Boost)  
  41  4:35  Probe (Chrono Boost)  
  41  4:39  Protoss Air Weapons Level 1  
  42  4:47  Forge  
  42  4:48  Probe (Chrono Boost)  
  43  4:52  Pylon  
  43  4:55  Pylon  
  43  4:59  Pylon  
  43  5:09  Pylon  
  43  5:12  Pylon  
  43  5:16  Pylon  
  43  5:22  Talis' A.I. Personality  
  43  5:25  Adept  
  43  5:28  Adept  
  47  5:54  Protoss Shields Level 1  
  47  6:00  Probe (Chrono Boost)  
  48  6:12  Stargate  
  48  6:14  Stargate, Probe (Chrono Boost)  
  49  6:28  Probe (Chrono Boost)  
  50  6:35  Adept  
  50  6:36  Adept  
  51  6:42  Probe (Chrono Boost)  
  52  6:56  Probe (Chrono Boost)  
  53  7:13  Adept  
  53  7:14  Adept  
  53  7:18  Mojo's A.I. Personality  
  57  7:26  Protoss Air Weapons Level 2  
  57  7:27  Fleet Beacon  
  57  7:32  Probe (Chrono Boost)  
  58  7:51  Adept  
  58  7:52  Adept  
  58  7:58  Pylon  
  62  8:04  Robotics Facility  
  62  8:07  Robotics Bay  
  62  8:12  Probe (Chrono Boost)  
  63  8:26  Probe (Chrono Boost)  
  63  8:29  Adept  
  66  8:30  Adept  
  66  8:34  A Strong Heart  
  66  8:35  Purifier Armaments  
  66  8:36  Pylon x2  
  68  8:40  Probe (Chrono Boost)  
  68  8:41  Pylon  
  68  8:45  Pylon  
  66  8:57  Combat Sensor Array  
  63  9:07  Adept  
  63  9:08  Clolarion's A.I. Personality, Adept  
  67  9:38  Immortal  
  71  9:45  Adept x2  
  75  9:54  Observation Protocol  
  75  10:13  Taldarin's A.I. Personality  
  75  10:23  Legionnaire, Adept  
  75  10:27  Graviton Catapult  
  80  10:33  Immortal  
  81  10:53  Legionnaire  
  84  11:07  Twilight Council  
  84  11:28  Immortal  
  84  11:32  Protoss Air Weapons Level 3  
  84  11:54  Protoss Shields Level 2  
  81  12:18  Adept x2  
  85  12:21  Carrier  
  91  12:33  Psionic Projection  
  91  12:56  Adept x2  
  95  13:33  Debilitation System  
  95  13:52  Adept x2  
  99  14:30  Legionnaire, Adept  
  99  14:33  Empowered Blades  
  104  14:44  Carrier  
  104  14:45  Carrier  
  116  15:00  Legionnaire  
  116  15:05  Protoss Shields Level 3  
  119  15:32  Immortal  
  119  15:33  Charge  
  123  16:27  Immortal  
  127  17:34  Scout  
  127  17:35  Scout  
  133  18:04  Carrier, Scout  
  142  18:34  Carrier  
  142  20:04  Scout  
  145  20:34  Scout x2  
  151  21:06  Scout  
  151  21:17  Pylon  
  151  21:20  Pylon  
  151  21:25  Pylon  
  151  21:35  Pylon  
  151  21:40  Pylon  
  151  21:43  Pylon  
  151  21:45  Legionnaire x2  
  151  21:46  Pylon  
  163  21:55  Pylon  
  169  22:00  Pylon  
  169  22:04  Pylon  
  169  22:15  Legionnaire, Adept  
Tags
 
Commander
ArtanisFenix
League
Silver
Matchup
Co-op
Add a new tag
Caveats
  • Supply blocks, unpowered buildings, or Contaminate may cause inaccurate times.
  • Supply counts are checked every 10 seconds.